Panthers vs Bruins

Created - September-28-14 at 10:50

Simulating a Pre-Season

Goals
1 2 3 T
Panthers 1 0 3 4
Bruins 1 1 0 2
Shots
1 2 3 T
Panthers 9 10 12 31
Bruins 11 10 6 27

1st period

1. Bruins , Reilly Smith 1 (Brad Marchand, Dennis Seidenberg) at 9:43
2. Panthers , David Backes 3 (Niklas Hjalmarsson, Clarke MacArthur) at 14:22

Penalties :
Matt Carle (FLA) for Tripping (Minor) at 1:31, Hampus Lindholm (FLA) for Hooking (Minor) at 11:50

2nd period

3. Bruins , Jakub Voracek 2 (David Krejci, Dennis Seidenberg) at 10:44

Penalties :
Zdeno Chara (BOS) for Cross-checking (Minor) at 14:56

3rd period

4. Panthers , Hampus Lindholm 2 (Nick Bjugstad, Shane Doan) at 0:44
5. Panthers , David Backes 4 (Danny DeKeyser) at 14:11 (PP)
6. Panthers , Justin Williams 1 (Sami Salo, Shane Doan) at 16:50

Penalties :
Torey Krug (BOS) for Cross-checking (Minor) at 6:56, Shane Doan (FLA) for Roughing (Minor) at 6:56, Hampus Lindholm (FLA) for High sticking (Minor) at 9:06, David Krejci (BOS) for Roughing (Minor) at 12:22, David Krejci (BOS) for Roughing (Minor) at 19:09

Goalie Stats

Ben Bishop (FLA), 25 saves from 27 shots - (0.926), W, 3-2-0, 60:00 minutes
Niklas Svedberg (BOS), 27 saves from 31 shots - (0.871), L, 1-3-0, 60:00 minutes

Players Stats for Panthers

Player Name              G  A  P  +/- PIM S  H  SB GA TA FO     MP     PP MP  PK MP  
------------------------------------------------------------------------------------
Christopher Higgins      0  0  0  -2  0   0  0  0  0  0  0/1     8:14   0:00   3:49 
Clarke MacArthur         0  1  1   1  0   0  0  0  0  0  0/1    16:16   0:00   1:02 
Danny DeKeyser           0  1  1   0  0   1  0  1  0  0  0/0    23:14   2:10   2:17 
David Backes             2  0  2   1  0   4  5  0  0  0  11/24  18:46   1:53   1:06 
Hampus Lindholm          1  0  1   2  4   1  0  0  0  0  0/0    14:45   2:20   0:00 
Henrik Zetterberg        0  0  0   0  0   3  1  0  0  0  19/33  22:49   2:45   1:06 
Jonathan Huberdeau       0  0  0  -2  0   0  0  0  0  0  0/0     4:25   0:00   0:00 
Justin Williams          1  0  1   2  0   1  0  0  0  0  0/0    10:15   0:00   0:00 
Marcel Goc               0  0  0  -2  0   0  1  0  0  0  3/10    8:04   0:00   3:39 
Matt Carle               0  0  0  -1  2   1  2  4  0  0  0/0    22:37   2:20   2:07 
Nathan MacKinnon         0  0  0   0  0   6  2  0  0  0  1/2    21:43   2:45   0:00 
Nick Bjugstad            0  1  1   2  0   2  0  0  0  0  7/13   10:15   0:00   0:00 
Niklas Hjalmarsson       0  1  1   0  0   1  0  2  0  0  0/0    21:05   0:08   2:19 
Patric Hornqvist         0  0  0   1  0   4  0  0  0  0  1/1    18:52   1:53   1:12 
Rick Nash                0  0  0   0  0   2  1  0  0  0  0/1    20:17   2:45   0:00 
Sami Salo                0  1  1   2  0   1  1  1  0  0  0/0    14:42   0:00   2:05 
Shane Doan               0  2  2   2  2   2  0  0  0  0  0/1    12:07   1:53   0:00 
T.J. Brodie              0  0  0  -1  0   2  1  2  0  0  0/0    23:34   2:18   3:06 

Players Stats for Bruins

Player Name              G  A  P  +/- PIM S  H  SB GA TA FO     MP     PP MP  PK MP  
------------------------------------------------------------------------------------
Andrew Ladd              0  0  0   0  0   2  3  0  0  0  0/1    11:22   0:00   0:00 
Brad Marchand            0  1  1   1  0   2  2  1  0  0  2/2    20:33   3:05   0:00 
Braydon Coburn           0  0  0  -1  0   2  2  1  0  0  0/0    19:00   3:14   1:57 
Carl Hagelin             0  0  0  -1  0   0  0  0  0  0  0/0     5:22   0:00   0:22 
Carl Soderberg           0  0  0   0  0   0  2  0  0  0  5/13   14:35   3:05   0:49 
Chris Kelly              0  0  0  -1  0   0  2  1  0  0  1/2     7:16   0:57   2:00 
David Krejci             0  1  1  -1  4   2  2  0  0  0  15/30  19:37   2:06   1:31 
Dennis Seidenberg        0  2  2   1  0   1  1  1  0  0  0/0    21:58   3:14   2:01 
Dougie Hamilton          0  0  0  -1  0   0  0  0  0  0  0/0    19:22   0:00   0:00 
Jakub Voracek            1  0  1  -1  0   4  0  0  0  0  2/2    17:51   2:52   0:28 
Johnny Boychuk           0  0  0   1  0   1  1  0  0  0  0/0    21:38   2:43   2:41 
Loui Eriksson            0  0  0   0  0   0  0  0  0  0  1/1    11:27   0:46   0:00 
Milan Lucic              0  0  0  -1  0   2  3  0  0  0  1/2    17:51   2:52   0:28 
Patrice Bergeron         0  0  0   1  0   1  0  1  0  0  14/25  24:59   2:08   3:38 
Reilly Smith             1  0  1   1  0   6  1  0  0  0  0/2    17:28   0:00   0:00 
Ryan Spooner             0  0  0  -1  0   2  0  0  0  0  4/7     5:00   0:00   0:00 
Torey Krug               0  0  0  -1  2   0  1  1  0  0  0/0    13:42   0:00   1:08 
Zdeno Chara              0  0  0  -1  2   2  2  3  0  0  0/0    24:18   2:43   1:29 

3 Stars

1 - David Backes (FLA)
2 - Justin Williams (FLA)
3 - Dennis Seidenberg (BOS)

Power Play

Panthers - 1 on 3 Attempt(s) - 33.33%
Bruins - 0 on 3 Attempt(s) - 0.00%

Penalty Kill

Panthers - 3 on 3 Attempt(s) - 100.00% - Score 0 goal in Penalty Kill
Bruins - 2 on 3 Attempt(s) - 66.67% - Score 0 goal in Penalty Kill

Official

Referees : Tim Peel and Francois StLaurent
Linesman : Mike Cvik and Don Henderson

Game Notes

No Game Note

% Time on Ice - Panthers

Lines # - Real PCT - Wanted PCT - Time Play
Normal Forward
1 - 37% - 40% - 17:32
2 - 32% - 32% - 15:14
3 - 22% - 20% - 10:15
4 - 9% - 8% - 4:25
Normal Defense
1 - 37% - 40% - 17:43
2 - 34% - 35% - 16:10
3 - 27% - 25% - 12:37
4 - 2% - 0% - 0:56
PP Forward
1 - 59% - 60% - 2:45
2 - 41% - 40% - 1:53
PP Defense
1 - 50% - 60% - 2:18
2 - 50% - 40% - 2:20
PK Forward
1 - 82% - 65% - 4:51
2 - 18% - 35% - 1:06
PK Defense
1 - 49% - 60% - 2:56
2 - 51% - 40% - 3:01
PK3 Forward
1 - 0% - 60%
2 - 0% - 40%
PK3 Defense
1 - 0% - 60%
2 - 0% - 40%
44 Forward
1 - 72% - 60% - 1:26
2 - 28% - 40% - 0:33
44 Defense
1 - 54% - 60% - 1:04
2 - 46% - 40% - 0:55
Last Minute Offensive  - 0:00
Last Minute Defensive  - 0:00
Total
Forward - 60:00
Defense - 60:00

% Time on Ice - Bruins

Lines # - Real PCT - Wanted PCT - Time Play
Normal Forward
1 - 37% - 40% - 17:28
2 - 30% - 30% - 14:17
3 - 23% - 20% - 10:41
4 - 11% - 10% - 5:00
Normal Defense
1 - 38% - 40% - 17:52
2 - 33% - 30% - 15:29
3 - 27% - 20% - 12:35
4 - 3% - 10% - 1:30
PP Forward
1 - 48% - 60% - 2:52
2 - 52% - 40% - 3:05
PP Defense
1 - 46% - 60% - 2:43
2 - 54% - 40% - 3:14
PK Forward
1 - 90% - 60% - 4:10
2 - 10% - 40% - 0:28
PK Defense
1 - 58% - 60% - 2:41
2 - 42% - 40% - 1:57
PK3 Forward
1 - 0% - 60%
2 - 0% - 40%
PK3 Defense
1 - 0% - 60%
2 - 0% - 40%
44 Forward
1 - 88% - 60% - 1:45
2 - 12% - 40% - 0:14
44 Defense
1 - 38% - 60% - 0:45
2 - 62% - 40% - 1:14
Last Minute Offensive  - 0:00
Last Minute Defensive  - 0:00
Total
Forward - 60:00
Defense - 60:00

Play by Play

1st period


0:01 of 1st period - Henrik Zetterberg wins face-off versus Patrice Bergeron in neutral zone.
0:20 of 1st period - Shot by Reilly Smith.
0:20 of 1st period - Stopped by Ben Bishop without a rebound.
0:21 of 1st period - David Krejci wins face-off versus David Backes in Panthers zone.
0:35 of 1st period - Jakub Voracek is hit by Matt Carle and loses puck.
1:05 of 1st period - Shot by Milan Lucic.
1:05 of 1st period - Shot Misses the Net.
1:07 of 1st period - Shot by Milan Lucic.
1:07 of 1st period - Shot Misses the Net.
1:26 of 1st period - Andrew Ladd is hit by Matt Carle.
1:31 of 1st period - Minor Penalty to Matt Carle for Tripping.
1:32 of 1st period - Patrice Bergeron wins face-off versus Marcel Goc in Panthers zone.
1:35 of 1st period - Shot by Johnny Boychuk.
1:35 of 1st period - Shot Blocked by Danny DeKeyser.
1:37 of 1st period - Shot by Zdeno Chara.
1:37 of 1st period - Shot Hit the Post.
1:39 of 1st period - Shot by Johnny Boychuk.
1:39 of 1st period - Stopped by Ben Bishop without a rebound.
1:40 of 1st period - Marcel Goc wins face-off versus Patrice Bergeron in Panthers zone.
2:01 of 1st period - Shot by Braydon Coburn.
2:01 of 1st period - Stopped by Ben Bishop without a rebound.
2:02 of 1st period - David Krejci wins face-off versus Marcel Goc in Panthers zone.
2:23 of 1st period - Shot by Zdeno Chara.
2:23 of 1st period - Stopped by Ben Bishop without a rebound.
2:24 of 1st period - Marcel Goc wins face-off versus Patrice Bergeron in Panthers zone.
3:21 of 1st period - Off-side.
3:22 of 1st period - Jakub Voracek wins face-off versus Marcel Goc in neutral zone.
3:57 of 1st period - Shot by Nick Bjugstad.
3:57 of 1st period - Shot Misses the Net.
3:59 of 1st period - Shot by Sami Salo.
3:59 of 1st period - Stopped by Niklas Svedberg without a rebound.
4:00 of 1st period - Patrice Bergeron wins face-off versus Nathan MacKinnon in Bruins zone.
4:04 of 1st period - Off-side.
4:05 of 1st period - Henrik Zetterberg wins face-off versus Patrice Bergeron in neutral zone.
4:34 of 1st period - Shot by Braydon Coburn.
4:34 of 1st period - Stopped by Ben Bishop without a rebound.
4:35 of 1st period - Nick Bjugstad wins face-off versus Andrew Ladd in Panthers zone.
4:48 of 1st period - Shot by Shane Doan.
4:48 of 1st period - Stopped by Niklas Svedberg with a rebound.
5:12 of 1st period - Shot by Andrew Ladd.
5:12 of 1st period - Shot Blocked by Matt Carle.
5:14 of 1st period - Shot by Loui Eriksson.
5:14 of 1st period - Shot Blocked by Matt Carle.
5:32 of 1st period - Shot by Patrice Bergeron.
5:32 of 1st period - Shot Blocked by Matt Carle.
5:34 of 1st period - Shot by Reilly Smith.
5:34 of 1st period - Stopped by Ben Bishop without a rebound.
5:35 of 1st period - Patrice Bergeron wins face-off versus Rick Nash in Panthers zone.
6:53 of 1st period - Icing by Patric Hornqvist.
6:54 of 1st period - David Krejci wins face-off versus David Backes in Panthers zone.
7:54 of 1st period - Jonathan Huberdeau is hit by Carl Soderberg and loses puck.
7:58 of 1st period - Off-side.
7:59 of 1st period - Ryan Spooner wins face-off versus Henrik Zetterberg in neutral zone.
9:23 of 1st period - Patrice Bergeron is hit by T.J. Brodie and loses puck.
9:43 of 1st period - Shot by Reilly Smith.
9:43 of 1st period - Goal by Reilly Smith - Panthers : 0 - Bruins : 1.
9:44 of 1st period - David Backes wins face-off versus David Krejci in neutral zone.
9:47 of 1st period - Jakub Voracek is hit by David Backes and loses puck.
9:58 of 1st period - Shot by David Krejci.
9:58 of 1st period - Stopped by Ben Bishop without a rebound.
9:59 of 1st period - Henrik Zetterberg wins face-off versus Carl Soderberg in Panthers zone.
9:59 of 1st period - Henrik Zetterberg is hit by Andrew Ladd.
10:05 of 1st period - Niklas Hjalmarsson is hit by Andrew Ladd and loses puck.
10:20 of 1st period - Zdeno Chara is hit by Henrik Zetterberg and loses puck.
11:19 of 1st period - Icing by Niklas Hjalmarsson.
11:20 of 1st period - Henrik Zetterberg wins face-off versus Patrice Bergeron in Panthers zone.
11:41 of 1st period - Dennis Seidenberg is hit by David Backes.
11:50 of 1st period - Minor Penalty to Hampus Lindholm for Hooking.
11:51 of 1st period - Marcel Goc wins face-off versus David Krejci in Panthers zone.
12:16 of 1st period - Shot by Dennis Seidenberg.
12:16 of 1st period - Stopped by Ben Bishop with a rebound.
12:56 of 1st period - Shot by Clarke MacArthur.
12:56 of 1st period - Shot Misses the Net.
12:58 of 1st period - Shot by Matt Carle.
12:58 of 1st period - Shot Blocked by Brad Marchand.
13:10 of 1st period - Clarke MacArthur is hit by Zdeno Chara and loses puck.
13:37 of 1st period - David Backes is hit by Milan Lucic and loses puck.
13:56 of 1st period - Shot by Ryan Spooner.
13:56 of 1st period - Stopped by Ben Bishop without a rebound.
13:57 of 1st period - Ryan Spooner wins face-off versus Nick Bjugstad in Panthers zone.
14:08 of 1st period - Shot by Ryan Spooner.
14:08 of 1st period - Stopped by Ben Bishop without a rebound.
14:09 of 1st period - David Backes wins face-off versus Ryan Spooner in Panthers zone.
14:18 of 1st period - Shot by Clarke MacArthur.
14:18 of 1st period - Deflect By David Backes.
14:18 of 1st period - Shot Blocked by Torey Krug.
14:20 of 1st period - Shot by Niklas Hjalmarsson.
14:20 of 1st period - Shot Blocked by Chris Kelly.
14:22 of 1st period - Shot by David Backes.
14:22 of 1st period - Goal by David Backes - Panthers : 1 - Bruins : 1.
14:23 of 1st period - Henrik Zetterberg wins face-off versus David Krejci in neutral zone.
14:38 of 1st period - Shot by Henrik Zetterberg.
14:38 of 1st period - Stopped by Niklas Svedberg without a rebound.
14:39 of 1st period - David Backes wins face-off versus Patrice Bergeron in Bruins zone.
14:39 of 1st period - T.J. Brodie is hit by Johnny Boychuk and loses puck.
15:18 of 1st period - Shot by Brad Marchand.
15:18 of 1st period - Shot Blocked by T.J. Brodie.
15:20 of 1st period - Shot by Johnny Boychuk.
15:20 of 1st period - Shot Misses the Net.
15:37 of 1st period - Patric Hornqvist is hit by Zdeno Chara and loses puck.
15:43 of 1st period - Off-side.
15:44 of 1st period - Henrik Zetterberg wins face-off versus Carl Soderberg in neutral zone.
15:46 of 1st period - Off-side.
15:47 of 1st period - Henrik Zetterberg wins face-off versus David Krejci in neutral zone.
16:03 of 1st period - Off-side.
16:04 of 1st period - Carl Soderberg wins face-off versus Nick Bjugstad in neutral zone.
16:44 of 1st period - Shot by Shane Doan.
16:44 of 1st period - Shot Misses the Net.
17:05 of 1st period - Hampus Lindholm is hit by Brad Marchand and loses puck.
17:44 of 1st period - Shot by Henrik Zetterberg.
17:44 of 1st period - Shot Blocked by Zdeno Chara.
17:46 of 1st period - Shot by Niklas Hjalmarsson.
17:46 of 1st period - Stopped by Niklas Svedberg without a rebound.
17:47 of 1st period - David Krejci wins face-off versus David Backes in Bruins zone.
17:51 of 1st period - Jakub Voracek is hit by David Backes and loses puck.
18:00 of 1st period - Shot by T.J. Brodie.
18:00 of 1st period - Stopped by Niklas Svedberg without a rebound.
18:01 of 1st period - Henrik Zetterberg wins face-off versus Ryan Spooner in Bruins zone.
18:02 of 1st period - Shot by Niklas Hjalmarsson.
18:02 of 1st period - Shot Misses the Net.
18:06 of 1st period - Shot by Rick Nash.
18:06 of 1st period - Stopped by Niklas Svedberg without a rebound.
18:07 of 1st period - David Krejci wins face-off versus Henrik Zetterberg in Bruins zone.
18:39 of 1st period - Icing by Danny DeKeyser.
18:40 of 1st period - Nathan MacKinnon wins face-off versus Reilly Smith in Panthers zone.
18:42 of 1st period - Icing by Danny DeKeyser.
18:43 of 1st period - Patrice Bergeron wins face-off versus Henrik Zetterberg in Panthers zone.
19:42 of 1st period - Shot by Patric Hornqvist.
19:42 of 1st period - Stopped by Niklas Svedberg without a rebound.
19:43 of 1st period - Nick Bjugstad wins face-off versus David Krejci in Bruins zone.
19:48 of 1st period - Shot by Nick Bjugstad.
19:48 of 1st period - Deflect By Shane Doan.
19:48 of 1st period - Shot Misses the Net.
19:50 of 1st period - Shot by Nick Bjugstad.
19:50 of 1st period - Stopped by Niklas Svedberg without a rebound.
19:51 of 1st period - David Krejci wins face-off versus Nick Bjugstad in Bruins zone.
Goals for this period are 1 for Panthers vs 1 for Bruins.
Shots for this period are 9 for Panthers vs 11 for Bruins.

2nd period


0:01 of 2nd period - Jakub Voracek wins face-off versus David Backes in neutral zone.
1:13 of 2nd period - Shot by Rick Nash.
1:13 of 2nd period - Deflect By Nathan MacKinnon.
1:13 of 2nd period - Stopped by Niklas Svedberg with a rebound.
2:15 of 2nd period - Torey Krug is hit by Sami Salo and loses puck.
2:20 of 2nd period - Shot by Andrew Ladd.
2:20 of 2nd period - Stopped by Ben Bishop without a rebound.
2:21 of 2nd period - David Krejci wins face-off versus Christopher Higgins in Panthers zone.
2:52 of 2nd period - Shot by David Krejci.
2:52 of 2nd period - Shot Blocked by T.J. Brodie.
3:30 of 2nd period - Johnny Boychuk is hit by Marcel Goc and loses puck.
4:13 of 2nd period - Shot by Henrik Zetterberg.
4:13 of 2nd period - Shot Blocked by Braydon Coburn.
4:30 of 2nd period - Nathan MacKinnon is hit by Torey Krug and loses puck.
4:43 of 2nd period - Shot by Reilly Smith.
4:43 of 2nd period - Shot Blocked by Sami Salo.
4:51 of 2nd period - Icing by Clarke MacArthur.
4:52 of 2nd period - David Krejci wins face-off versus David Backes in Panthers zone.
5:21 of 2nd period - Off-side.
5:22 of 2nd period - Nick Bjugstad wins face-off versus Carl Soderberg in neutral zone.
5:29 of 2nd period - Shot by Shane Doan.
5:29 of 2nd period - Stopped by Niklas Svedberg without a rebound.
5:30 of 2nd period - Henrik Zetterberg wins face-off versus Carl Soderberg in Bruins zone.
5:39 of 2nd period - Shot by Nathan MacKinnon.
5:39 of 2nd period - Stopped by Niklas Svedberg with a rebound.
5:43 of 2nd period - Shot by Henrik Zetterberg.
5:43 of 2nd period - Stopped by Niklas Svedberg without a rebound.
5:44 of 2nd period - David Backes wins face-off versus Patrice Bergeron in Bruins zone.
5:56 of 2nd period - Icing by Dougie Hamilton.
5:57 of 2nd period - Patrice Bergeron wins face-off versus Henrik Zetterberg in Bruins zone.
6:20 of 2nd period - Shot by Brad Marchand.
6:20 of 2nd period - Stopped by Ben Bishop without a rebound.
6:21 of 2nd period - David Backes wins face-off versus David Krejci in Panthers zone.
6:21 of 2nd period - David Backes is hit by Milan Lucic.
6:31 of 2nd period - Shot by Patric Hornqvist.
6:31 of 2nd period - Stopped by Niklas Svedberg without a rebound.
6:32 of 2nd period - Henrik Zetterberg wins face-off versus Carl Soderberg in Bruins zone.
6:47 of 2nd period - Loui Eriksson is hit by Nathan MacKinnon.
6:54 of 2nd period - Nathan MacKinnon is hit by Braydon Coburn and loses puck.
6:57 of 2nd period - Shot by Danny DeKeyser.
6:57 of 2nd period - Stopped by Niklas Svedberg without a rebound.
6:58 of 2nd period - Patrice Bergeron wins face-off versus David Backes in Bruins zone.
6:58 of 2nd period - Patrice Bergeron is hit by David Backes.
8:17 of 2nd period - Shot by Milan Lucic.
8:17 of 2nd period - Stopped by Ben Bishop without a rebound.
8:18 of 2nd period - Nick Bjugstad wins face-off versus Carl Soderberg in Panthers zone.
8:27 of 2nd period - Shot by Nick Bjugstad.
8:27 of 2nd period - Shot Misses the Net.
9:11 of 2nd period - Hampus Lindholm is hit by Andrew Ladd and loses puck.
9:49 of 2nd period - Shot by Nathan MacKinnon.
9:49 of 2nd period - Shot Misses the Net.
9:53 of 2nd period - Shot by Rick Nash.
9:53 of 2nd period - Shot Blocked by Dennis Seidenberg.
9:57 of 2nd period - Shot by Nathan MacKinnon.
9:57 of 2nd period - Shot Misses the Net.
10:01 of 2nd period - Shot by Nathan MacKinnon.
10:01 of 2nd period - Stopped by Niklas Svedberg without a rebound.
10:02 of 2nd period - Patrice Bergeron wins face-off versus David Backes in Bruins zone.
10:25 of 2nd period - Shot by Brad Marchand.
10:25 of 2nd period - Shot Blocked by Matt Carle.
10:27 of 2nd period - Shot by Brad Marchand.
10:27 of 2nd period - Stopped by Ben Bishop without a rebound.
10:28 of 2nd period - Ryan Spooner wins face-off versus Marcel Goc in Panthers zone.
10:34 of 2nd period - Icing by Danny DeKeyser.
10:35 of 2nd period - David Krejci wins face-off versus Marcel Goc in Panthers zone.
10:42 of 2nd period - Shot by Jakub Voracek.
10:42 of 2nd period - Shot Misses the Net.
10:44 of 2nd period - Shot by David Krejci.
10:44 of 2nd period - Deflect By Jakub Voracek.
10:44 of 2nd period - Goal by Jakub Voracek - Panthers : 1 - Bruins : 2.
10:45 of 2nd period - Henrik Zetterberg wins face-off versus Reilly Smith in neutral zone.
10:50 of 2nd period - Shot by Rick Nash.
10:50 of 2nd period - Stopped by Niklas Svedberg without a rebound.
10:51 of 2nd period - Brad Marchand wins face-off versus Henrik Zetterberg in Bruins zone.
11:34 of 2nd period - Shot by Reilly Smith.
11:34 of 2nd period - Stopped by Ben Bishop without a rebound.
11:35 of 2nd period - David Backes wins face-off versus David Krejci in Panthers zone.
11:48 of 2nd period - Icing by David Krejci.
11:49 of 2nd period - Milan Lucic wins face-off versus Nick Bjugstad in Bruins zone.
12:07 of 2nd period - Icing by Johnny Boychuk.
12:08 of 2nd period - David Krejci wins face-off versus David Backes in Bruins zone.
12:19 of 2nd period - Dennis Seidenberg is hit by David Backes and loses puck.
12:26 of 2nd period - Shot by Patric Hornqvist.
12:26 of 2nd period - Stopped by Niklas Svedberg without a rebound.
12:27 of 2nd period - Patrice Bergeron wins face-off versus Henrik Zetterberg in Bruins zone.
12:27 of 2nd period - Patrice Bergeron is hit by Rick Nash.
12:44 of 2nd period - Shot by Nathan MacKinnon.
12:44 of 2nd period - Stopped by Niklas Svedberg without a rebound.
12:45 of 2nd period - Carl Soderberg wins face-off versus David Backes in Bruins zone.
13:02 of 2nd period - Icing by Carl Soderberg.
13:03 of 2nd period - Carl Soderberg wins face-off versus Henrik Zetterberg in Bruins zone.
13:49 of 2nd period - Icing by Niklas Hjalmarsson.
13:50 of 2nd period - Patrice Bergeron wins face-off versus Henrik Zetterberg in Panthers zone.
14:16 of 2nd period - Icing by Henrik Zetterberg.
14:17 of 2nd period - Henrik Zetterberg wins face-off versus David Krejci in Panthers zone.
14:17 of 2nd period - Henrik Zetterberg is hit by Milan Lucic.
14:28 of 2nd period - Shot by Dennis Seidenberg.
14:28 of 2nd period - Shot Misses the Net.
14:30 of 2nd period - Shot by Dennis Seidenberg.
14:30 of 2nd period - Deflect By Milan Lucic.
14:30 of 2nd period - Stopped by Ben Bishop with a rebound.
14:44 of 2nd period - Shot by Jakub Voracek.
14:44 of 2nd period - Shot Misses the Net.
14:46 of 2nd period - Shot by Jakub Voracek.
14:46 of 2nd period - Stopped by Ben Bishop without a rebound.
14:47 of 2nd period - David Backes wins face-off versus Patrice Bergeron in Panthers zone.
14:47 of 2nd period - David Backes is hit by Reilly Smith.
14:56 of 2nd period - Minor Penalty to Zdeno Chara for Cross-checking.
14:57 of 2nd period - David Krejci wins face-off versus Shane Doan in Bruins zone.
15:12 of 2nd period - Shot by David Backes.
15:12 of 2nd period - Shot Blocked by Patrice Bergeron.
15:21 of 2nd period - Off-side.
15:22 of 2nd period - Patric Hornqvist wins face-off versus David Krejci in neutral zone.
17:12 of 2nd period - Christopher Higgins is hit by Chris Kelly and loses puck.
17:54 of 2nd period - Sami Salo is hit by Carl Soderberg and loses puck.
18:07 of 2nd period - Shot by Andrew Ladd.
18:07 of 2nd period - Stopped by Ben Bishop without a rebound.
18:08 of 2nd period - Patrice Bergeron wins face-off versus Clarke MacArthur in Panthers zone.
19:09 of 2nd period - Niklas Hjalmarsson is hit by Brad Marchand and loses puck.
19:36 of 2nd period - Shot by Milan Lucic.
19:36 of 2nd period - Deflect By Jakub Voracek.
19:36 of 2nd period - Stopped by Ben Bishop with a rebound.
19:53 of 2nd period - Niklas Hjalmarsson is hit by Braydon Coburn and loses puck.
Goals for this period are 0 for Panthers vs 1 for Bruins.
Shots for this period are 10 for Panthers vs 10 for Bruins.

3rd period


0:01 of 3rd period - Patrice Bergeron wins face-off versus David Backes in neutral zone.
0:12 of 3rd period - Shot by Brad Marchand.
0:12 of 3rd period - Shot Misses the Net.
0:14 of 3rd period - Shot by Zdeno Chara.
0:14 of 3rd period - Stopped by Ben Bishop without a rebound.
0:15 of 3rd period - Nick Bjugstad wins face-off versus David Krejci in Panthers zone.
0:42 of 3rd period - Shot by Nick Bjugstad.
0:42 of 3rd period - Shot Misses the Net.
0:44 of 3rd period - Shot by Hampus Lindholm.
0:44 of 3rd period - Goal by Hampus Lindholm - Panthers : 2 - Bruins : 2.
0:45 of 3rd period - Brad Marchand wins face-off versus David Backes in neutral zone.
1:13 of 3rd period - Shot by Clarke MacArthur.
1:13 of 3rd period - Shot Misses the Net.
1:47 of 3rd period - Shot by Nathan MacKinnon.
1:47 of 3rd period - Shot Misses the Net.
2:09 of 3rd period - Shot by David Krejci.
2:09 of 3rd period - Stopped by Ben Bishop without a rebound.
2:10 of 3rd period - Carl Soderberg wins face-off versus Nick Bjugstad in Panthers zone.
2:25 of 3rd period - Shot by Loui Eriksson.
2:25 of 3rd period - Shot Misses the Net.
2:27 of 3rd period - Shot by Andrew Ladd.
2:27 of 3rd period - Shot Misses the Net.
3:40 of 3rd period - Icing by Matt Carle.
3:41 of 3rd period - Ryan Spooner wins face-off versus David Backes in Panthers zone.
3:59 of 3rd period - Off-side.
4:00 of 3rd period - Patrice Bergeron wins face-off versus Henrik Zetterberg in neutral zone.
4:19 of 3rd period - Shot by Patrice Bergeron.
4:19 of 3rd period - Shot Misses the Net.
5:15 of 3rd period - Shot by Shane Doan.
5:15 of 3rd period - Shot Blocked by Zdeno Chara.
5:31 of 3rd period - Shot by Nick Bjugstad.
5:31 of 3rd period - Stopped by Niklas Svedberg without a rebound.
5:32 of 3rd period - David Backes wins face-off versus Carl Soderberg in Bruins zone.
5:57 of 3rd period - Shot by David Backes.
5:57 of 3rd period - Shot Misses the Net.
6:13 of 3rd period - Clarke MacArthur is hit by Dennis Seidenberg and loses puck.
6:56 of 3rd period - Minor Penalty to Torey Krug for Cross-checking.
6:56 of 3rd period - Minor Penalty to Shane Doan for Roughing.
6:57 of 3rd period - Henrik Zetterberg wins face-off versus David Krejci in Bruins zone.
7:10 of 3rd period - Shot by Nathan MacKinnon.
7:10 of 3rd period - Shot Blocked by Zdeno Chara.
7:27 of 3rd period - Off-side.
7:28 of 3rd period - Henrik Zetterberg wins face-off versus David Krejci in neutral zone.
7:39 of 3rd period - Shot by Matt Carle.
7:39 of 3rd period - Stopped by Niklas Svedberg without a rebound.
7:40 of 3rd period - Henrik Zetterberg wins face-off versus David Krejci in Bruins zone.
8:36 of 3rd period - T.J. Brodie is hit by David Krejci and loses puck.
9:06 of 3rd period - Minor Penalty to Hampus Lindholm for High sticking.
9:07 of 3rd period - Loui Eriksson wins face-off versus Marcel Goc in Panthers zone.
9:12 of 3rd period - Shot by Milan Lucic.
9:12 of 3rd period - Deflect By Jakub Voracek.
9:12 of 3rd period - Stopped by Ben Bishop with a rebound.
11:40 of 3rd period - Icing by Dougie Hamilton.
11:41 of 3rd period - Henrik Zetterberg wins face-off versus Ryan Spooner in Bruins zone.
11:46 of 3rd period - Shot by Henrik Zetterberg.
11:46 of 3rd period - Deflect By Nathan MacKinnon.
11:46 of 3rd period - Stopped by Niklas Svedberg without a rebound.
11:47 of 3rd period - David Krejci wins face-off versus Henrik Zetterberg in Bruins zone.
11:54 of 3rd period - Shot by Henrik Zetterberg.
11:54 of 3rd period - Stopped by Niklas Svedberg without a rebound.
11:55 of 3rd period - Patrice Bergeron wins face-off versus Henrik Zetterberg in Bruins zone.
12:19 of 3rd period - Icing by Matt Carle.
12:20 of 3rd period - David Krejci wins face-off versus Henrik Zetterberg in Panthers zone.
12:22 of 3rd period - Minor Penalty to David Krejci for Roughing.
12:23 of 3rd period - David Backes wins face-off versus Chris Kelly in Bruins zone.
12:32 of 3rd period - Shot by T.J. Brodie.
12:32 of 3rd period - Shot Misses the Net.
12:34 of 3rd period - Shot by Patric Hornqvist.
12:34 of 3rd period - Stopped by Niklas Svedberg with a rebound.
12:36 of 3rd period - Shot by T.J. Brodie.
12:36 of 3rd period - Stopped by Niklas Svedberg without a rebound.
12:37 of 3rd period - Chris Kelly wins face-off versus Henrik Zetterberg in Bruins zone.
13:57 of 3rd period - Shot by David Backes.
13:57 of 3rd period - Shot Misses the Net.
13:59 of 3rd period - Shot by Patric Hornqvist.
13:59 of 3rd period - Shot Misses the Net.
14:01 of 3rd period - Shot by David Backes.
14:01 of 3rd period - Stopped by Niklas Svedberg without a rebound.
14:02 of 3rd period - David Backes wins face-off versus Carl Soderberg in Bruins zone.
14:11 of 3rd period - Shot by Danny DeKeyser.
14:11 of 3rd period - Deflect By David Backes.
14:11 of 3rd period - Goal by David Backes - Panthers : 3 - Bruins : 2.
14:12 of 3rd period - David Krejci wins face-off versus Marcel Goc in neutral zone.
14:19 of 3rd period - Shot by David Krejci.
14:19 of 3rd period - Shot Blocked by Niklas Hjalmarsson.
14:34 of 3rd period - Icing by Dougie Hamilton.
14:35 of 3rd period - David Backes wins face-off versus David Krejci in Bruins zone.
15:22 of 3rd period - Shot by Reilly Smith.
15:22 of 3rd period - Shot Misses the Net.
15:34 of 3rd period - Shot by Reilly Smith.
15:34 of 3rd period - Stopped by Ben Bishop with a rebound.
16:44 of 3rd period - Shot by Nathan MacKinnon.
16:44 of 3rd period - Stopped by Niklas Svedberg without a rebound.
16:45 of 3rd period - Nick Bjugstad wins face-off versus David Krejci in Bruins zone.
16:46 of 3rd period - Shot by Justin Williams.
16:46 of 3rd period - Deflect By Shane Doan.
16:46 of 3rd period - Shot Misses the Net.
16:50 of 3rd period - Shot by Justin Williams.
16:50 of 3rd period - Goal by Justin Williams - Panthers : 4 - Bruins : 2.
16:51 of 3rd period - David Krejci wins face-off versus Nick Bjugstad in neutral zone.
17:55 of 3rd period - Off-side.
17:56 of 3rd period - Henrik Zetterberg wins face-off versus Patrice Bergeron in neutral zone.
18:08 of 3rd period - Shot by Brad Marchand.
18:08 of 3rd period - Shot Blocked by Niklas Hjalmarsson.
18:18 of 3rd period - Shot by Patrice Bergeron.
18:18 of 3rd period - Stopped by Ben Bishop without a rebound.
18:19 of 3rd period - Carl Soderberg wins face-off versus David Backes in Panthers zone.
18:53 of 3rd period - Shot by David Backes.
18:53 of 3rd period - Stopped by Niklas Svedberg without a rebound.
18:54 of 3rd period - Henrik Zetterberg wins face-off versus Patrice Bergeron in Bruins zone.
19:05 of 3rd period - Shot by Reilly Smith.
19:05 of 3rd period - Stopped by Ben Bishop without a rebound.
19:06 of 3rd period - Nick Bjugstad wins face-off versus Milan Lucic in Panthers zone.
19:06 of 3rd period - Nick Bjugstad is hit by David Krejci.
19:09 of 3rd period - Minor Penalty to David Krejci for Roughing.
19:10 of 3rd period - Patrice Bergeron wins face-off versus Henrik Zetterberg in Bruins zone.
19:10 of 3rd period - Patrice Bergeron is hit by Nathan MacKinnon.
19:44 of 3rd period - Danny DeKeyser is hit by Chris Kelly and loses puck.
19:56 of 3rd period - Icing by Danny DeKeyser.
19:57 of 3rd period - Henrik Zetterberg wins face-off versus Patrice Bergeron in Panthers zone.
Goals for this period are 3 for Panthers vs 0 for Bruins.
Shots for this period are 12 for Panthers vs 6 for Bruins.


Output by the SimonT Hockey Simulator (STHS) for Stephane Roy -- Original Page W3C XHTML 1.0 Valid
Hockey Simulator - Hockey Simulation - Hockey Manager